Weathering the allied tank blobs and endless call-ins

Match 30156168
End
Engineer Squad
Construct Barracks
Selects Armored Battlegroup
Selects Assault Engineers
Assault Engineer Squad
1⁄4-ton 4x4 Truck
Construct Weapon Support Center
Riflemen Squad
Riflemen Squad
Grenade Package
Selects M31 Recovery Vehicle
Mechanized Support Center
M3 75 mm Gun Motor Carriage
M1918 Browning Automatic Rifles
Selects Strength in Steel
M3 Armored Personnel Carrier
Forward Retreat Point
Designate Forward Repair Station
Construct Tank Depot
Assault Engineer Squad
M4A1 76mm Conversion
M1919 Machine Gun Team
Selects War Machine
M1919 Machine Gun Team
Scout Squad
M4A1(76) Sherman Medium Tank
M1919 Machine Gun Team
Selects Seek and Destroy
Seek and Destroy
M4A1(76) Sherman Medium Tank
Assault Engineer Squad
M4A1(76) Sherman Medium Tank
Seek and Destroy
Scout Squad
Selects UNKNOWN (2160077)
M4A3E8 Sherman Easy Eight
Seek and Destroy
M4A1(76) Sherman Medium Tank
M31 Recovery Vehicle
Seek and Destroy
Designate Forward Repair Station
Construct Motor Pool
Seek and Destroy
Designate Forward Repair Station
M4A3E8 Sherman Easy Eight
M3 Armored Personnel Carrier
.30 cal Machine Gun
M4A3E8 Sherman Easy Eight
Seek and Destroy
Seek and Destroy
M4A3E8 Sherman Easy Eight
Scout Squad
Thunderstone
Liquid_mt
MonkeyMadness
709212146
Sandal
Nashorn101
Han
neil911
0
0

Comments sign in to comment!

No comments posted yet!